[Event "Team 45 45 League T47"]
[Site "Internet Chess Club"]
[Date "2010.12.04"]
[Round "5"]
[White "Gilguli"]
[Black "Chess2Play"]
[Result "1-0"]
[WhiteElo "1472"]
[BlackElo "1585"]
[Opening "QGD: 4.Nf3"]
[ECO "D37"]
[Time "01:00:24"]
[TimeControl "2700+45"]

1. d4 d5 2. Nf3 Nf6 3. c4 e6 4. Nc3 Nc6 5. a3 Be7 6. cxd5 exd5 7. Bg5 O-O 8. e3
Bf5 9. Bd3 Bxd3 10. Qxd3 a6 11. O-O Re8 12. Rac1 Ng4 13. Bxe7 Nxe7 14. Rc2 Ng6
15. Qf5 Nf6 16. Rfc1 c6 17. Na4 Ne4 18. Ne1 Qa5 19. Nc5 Nxc5 20. Rxc5 Qb6 21.
Nd3 Re6 22. R1c2 Rae8 23. R5c3 h6 24. Nc5 R6e7 25. Rb3 Qa5 26. Rcc3 b6 27. Nd7
b5 28. h4 Nxh4 29. Qg4 Qc7 30. Nf6+ Kf8 31. Nxe8 Rxe8 32. Qxh4 a5 33. Rxb5 Qa7
34. Rbc5 Qb6 35. b3 Re6 36. Qg4 Kg8 37. Qf5 Kf8 38. Qc2 Ke7 39. Rxc6 Rxc6 40.
Rxc6 Qb5 41. Qc5+ Qxc5 42. Rxc5 {Black resigns} 1-0

[Event "Team 45 45 League T47"]
[Site "Internet Chess Club"]
[Date "2010.12.05"]
[Round "5"]
[White "Nakke"]
[Black "Sinuhe"]
[Result "1-0"]
[WhiteElo "1856"]
[BlackElo "1464"]
[Opening "KP: Indian opening"]
[ECO "A00"]
[Time "10:02:25"]
[TimeControl "2700+45"]

1. d3 e5 2. e4 Nf6 3. Nc3 d6 4. f4 Be7 5. Nf3 Nc6 6. g3 Bg4 7. h3 Bh5 8. g4 Nxg4
9. hxg4 Bxg4 10. Be2 Bxf3 11. Bxf3 Bh4+ 12. Kf1 exf4 13. Bxf4 g5 14. Be3 h5 15.
Bf2 Bxf2 16. Kxf2 Nd4 17. Nd5 c6 18. c3 Ne6 19. Ne3 Qe7 20. Nf5 Qf8 21. Bxh5
O-O-O 22. Bg4 Rg8 23. Qf3 Kc7 24. Nh6 Rg6 25. Bxe6 Rxe6 26. Nf5 d5 27. Qg3+ Kc8
28. e5 f6 29. Kg2 fxe5 30. Raf1 Qg8 31. Rh6 Ree8 32. Rfh1 Kb8 33. Nd6 Re7 34.
Rh8 Qxh8 35. Rxh8 Rxh8 36. d4 e4 37. Nf7+ {Black resigns} 1-0

[Event "Team 45 45 League T47"]
[Site "Internet Chess Club"]
[Date "2010.12.04"]
[Round "5"]
[White "shamos1"]
[Black "P-K4"]
[Result "0-1"]
[WhiteElo "1398"]
[BlackElo "1480"]
[Opening "English: symmetrical variation"]
[ECO "A37"]
[Time "09:01:08"]
[TimeControl "2700+45"]

1. c4 c5 2. Nc3 g6 3. g3 Bg7 4. Bg2 Nc6 5. Nf3 d6 6. O-O e5 7. d3 Nge7 8. Bd2
O-O 9. Qc1 Rb8 10. Bh6 a6 11. Bxg7 Kxg7 12. a3 b5 13. Nd5 bxc4 14. dxc4 Nxd5 15.
cxd5 Nd4 16. Rb1 Nxe2+ {White resigns} 0-1

[Event "Team 45 45 League T47"]
[Site "Internet Chess Club"]
[Date "2010.12.05"]
[Round "5"]
[White "Oscar"]
[Black "arconia"]
[Result "0-1"]
[WhiteElo "1481"]
[BlackElo "1393"]
[Opening "Sicilian: Grand Prix attack"]
[ECO "B21"]
[Time "16:00:27"]
[TimeControl "2700+45"]

1. e4 c5 2. f4 Nc6 3. Nf3 Nf6 4. Nc3 a6 5. a4 e6 6. Bc4 d5 7. exd5 exd5 8. Bb3
c4 9. Ba2 Qb6 10. Ne2 Ne4 11. Rf1 Bc5 12. Ned4 Nxd4 13. Nxd4 Bxd4 14. Qe2 O-O
15. Bxc4 Re8 16. Bxd5 Bg4 17. Qxe4 Rxe4+ 18. Bxe4 Re8 19. d3 Be3 20. Bd2 Bxd2+
21. Kxd2 f5 22. Bd5+ Kh8 23. Bf3 Qe3+ 24. Kc3 Rc8+ 25. Kb3 Qb6+ 26. Ka3 Qc5+ 27.
Ka2 Qxc2 28. Rac1 Qxa4+ 29. Kb1 Rxc1+ 30. Rxc1 h5 31. Bxb7 Be2 32. Rc3 Qd1+ 33.
Ka2 Bxd3 34. Bc8 Qb1+ 35. Kb3 Qd1+ 36. Ka3 Qa1+ 37. Kb3 Be4 38. Be6 a5 39. Rc4
Qd1+ 40. Ka3 Qd6+ 41. Ka4 Qxe6 {White resigns} 0-1

[Event "Team 45 45 League T47"]
[Site "Internet Chess Club"]
[Date "2010.12.03"]
[Round "5"]
[White "LazyPeon"]
[Black "civilization"]
[Result "1/2-1/2"]
[WhiteElo "1656"]
[BlackElo "1714"]
[Opening "Réti: old Indian attack"]
[ECO "A00"]
[Time "18:02:38"]
[TimeControl "2700+45"]

1. d3 d5 2. Nf3 Nf6 3. g3 g6 4. Bg2 Bg7 5. O-O O-O 6. Nbd2 c5 7. c4 e6 8. Qc2
Nbd7 9. Rb1 a5 10. cxd5 exd5 11. Nb3 b6 12. Bg5 Bb7 13. Qd2 Qc7 14. Rfc1 Ne5 15.
Bf4 Nxf3+ 16. Bxf3 Qd7 17. Bh6 a4 18. Na1 d4 19. Bxb7 Qxb7 20. Bxg7 Kxg7 21. b4
Qd5 22. bxc5 bxc5 23. Rc4 Rfb8 24. Rbc1 Nd7 25. Qc2 a3 26. Nb3 Rc8 27. Nxd4 Nb6
28. Rxc5 Qxd4 29. e3 Qxc5 30. Qxc5 Rxc5 31. Rxc5 Na4 32. Rc7 Nb2 33. d4 Nd3 34.
Rc4 Nb2 35. Rc7 Na4 36. d5 Nb6 37. e4 h5 38. Kf1 Kf8 39. Ke2 Ke8 40. Kd3 Nd7 41.
f4 Kd8 42. Rc3 Nb6 43. h3 Kd7 44. Rb3 Na4 45. Rb7+ Ke8 46. Kd4 Nb2 47. Ke5 Nd3+
48. Kf6 Ra6+ 49. Kg7 Nc1 50. Rxf7 Nxa2 51. Rf8+ Kd7 52. Rf7+ Kc8 53. e5 Nb4 54.
Rf8+ Kb7 55. Rf7+ Kb6 56. Rf6+ Kb5 57. Rxa6 Kxa6 58. d6 Kb7 59. Kf7 a2 60. e6
a1=Q 61. e7 Nd5 62. e8=Q Qf6+ 63. Kg8 Qxd6 64. Qf7+ Kc6 65. Kg7 Ne7 66. Qc4+ Kd7
67. Qf7 Qd4+ 68. Qf6 Qd5 69. g4 Qg8+ 70. Kh6 Qd5 71. Kg7 Qg8+ 72. Kh6 Qd5 73.
Kg7 {Game drawn by repetition} 1/2-1/2

[Event "Team 45 45 League T47"]
[Site "Internet Chess Club"]
[Date "2010.12.06"]
[Round "5"]
[White "Theodulf"]
[Black "micky1943"]
[Result "0-1"]
[WhiteElo "1536"]
[BlackElo "1821"]
[Opening "Sicilian: Grand Prix attack"]
[ECO "B23"]
[Time "21:05:50"]
[TimeControl "2700+45"]

1. e4 c5 2. Nc3 Nc6 3. f4 g6 4. Nf3 Bg7 5. Bc4 d6 6. O-O Nf6 7. e5 dxe5 8. fxe5
Ng4 9. Bxf7+ Kxf7 10. e6+ Kg8 11. Qe1 Nge5 12. Ng5 Qd4+ 13. Kh1 Nb4 14. Qe2 h6
15. Nf7 Nxc2 16. Qb5 Nxa1 17. Qe8+ Kh7 18. Nxh8 Bxh8 19. Qxe7+ Bg7 20. Ne2 Qc4
21. Ng3 Nc6 {White forfeits on time} 0-1

[Event "Team 45 45 League T47"]
[Site "Internet Chess Club"]
[Date "2010.12.05"]
[Round "5"]
[White "rookmaster23"]
[Black "slipkid"]
[Result "0-1"]
[WhiteElo "1522"]
[BlackElo "1652"]
[Opening "Benkö gambit: main line"]
[ECO "A59"]
[Time "14:00:56"]
[TimeControl "2700+45"]

1. d4 Nf6 2. c4 c5 3. d5 b5 4. cxb5 a6 5. bxa6 Bxa6 6. Nc3 d6 7. e4 Bxf1 8. Kxf1
g6 9. Nf3 Bg7 10. g3 O-O 11. Kg2 Nbd7 12. Re1 Qb6 13. e5 Ng4 14. exd6 exd6 15.
Ng5 Ngf6 16. Rb1 h6 17. Nf3 Rfe8 18. Re2 Rxe2 19. Qxe2 Re8 20. Qb5 Qxb5 21. Nxb5
Nxd5 22. Nxd6 Re2 23. a4 N7f6 24. h3 Bf8 25. Nc4 Ne4 26. Ncd2 Rxf2+ 27. Kg1 f5
28. a5 Nb4 29. Ra1 Na6 30. Ra3 Re2 31. Nxe4 fxe4 32. Nh4 Re1+ 33. Kf2 Rxc1 34.
Rb3 g5 35. Ng6 Ra1 36. Rb7 Rxa5 37. Ra7 Ra2 38. Ke3 Nb4 39. Rc7 Nd5+ {White
resigns} 0-1

[Event "Team 45 45 League T47"]
[Site "Internet Chess Club"]
[Date "2010.12.05"]
[Round "5"]
[White "allanchs"]
[Black "ticopatzer"]
[Result "0-1"]
[WhiteElo "1489"]
[BlackElo "1578"]
[Opening "Scandinavian: Marshall variation"]
[ECO "B01"]
[Time "12:00:53"]
[TimeControl "2700+45"]

1. e4 d5 2. exd5 Nf6 3. d4 Nxd5 4. Nf3 Bg4 5. Be2 e6 6. O-O Nc6 7. c3 Bd6 8.
Nbd2 O-O 9. Ne4 a6 10. Nxd6 Qxd6 11. Qd3 Nf4 12. Bxf4 Qxf4 13. Ne1 Rad8 14. Bxg4
Qxg4 15. Qf3 Qxf3 16. Nxf3 Rfe8 17. Rfe1 f6 18. Rad1 Kf7 19. Kf1 g5 20. h3 h5
21. Re2 g4 22. hxg4 hxg4 23. Nh4 e5 24. d5 Ne7 25. Red2 Rd6 26. g3 Red8 27. c4
c6 28. Ng2 cxd5 29. Ne3 d4 30. Nxg4 Ke6 31. Nh2 e4 32. Ke2 f5 33. Nf1 d3+ 34.
Ke3 Rd4 35. b3 f4+ 36. Kxf4 Rf8+ 37. Kg5 Rf5+ 38. Kh6 Rd8 39. Ne3 Rh8+ 40. Kg7
Rg8+ 41. Kh6 Rg6+ 42. Kh7 Rh5# {White checkmated} 0-1

[Event "Team 45 45 League T47"]
[Site "Internet Chess Club"]
[Date "2010.12.04"]
[Round "5"]
[White "TerryMalloy"]
[Black "Geeloo"]
[Result "0-1"]
[WhiteElo "2033"]
[BlackElo "2102"]
[Opening "QGD: Chigorin defense"]
[ECO "D07"]
[Time "17:04:00"]
[TimeControl "2700+45"]

1. d4 d5 2. c4 Nc6 3. cxd5 Qxd5 4. Nf3 e5 5. Nc3 Bb4 6. e3 Bg4 7. Bd2 Bxc3 8.
Bxc3 e4 9. h3 exf3 10. hxg4 fxg2 11. Bxg2 Qxg2 12. Rf1 O-O-O 13. Qb3 Nf6 14.
O-O-O Qd5 15. Qxd5 Nxd5 16. e4 Nxc3 17. bxc3 h5 18. g5 h4 19. Rh1 Rh5 20. f4 h3
21. Rd3 h2 22. Rd2 Rdh8 23. Kc2 Na5 24. Kd3 b5 25. d5 Nc4 26. Rc2 Kb7 27. Kd4
Kb6 28. a4 a6 29. axb5 axb5 30. Ra2 {White resigns} 0-1

[Event "Team 45 45 League T47"]
[Site "Internet Chess Club"]
[Date "2010.12.04"]
[Round "5"]
[White "bogolijubov"]
[Black "Boromir"]
[Result "1-0"]
[WhiteElo "1924"]
[BlackElo "1952"]
[Opening "Ruy Lopez: old Steinitz defense"]
[ECO "C62"]
[Time "12:25:00"]
[TimeControl "2700+45"]

1. e4 e5 2. Nf3 Nc6 3. Bb5 d6 4. d4 exd4 5. Nxd4 Bd7 6. Nc3 Be7 7. O-O Nf6 8. b3
O-O 9. Bb2 a6 10. Nxc6 bxc6 11. Bd3 Re8 12. h3 Be6 13. e5 Nd7 14. exd6 cxd6 15.
Ne4 d5 16. Ng3 Nc5 17. Nh5 f6 18. Re1 Bf7 19. Rxe7 Qxe7 20. Bxf6 g6 {Black
resigns} 1-0

[Event "Team 45 45 League T47"]
[Site "Internet Chess Club"]
[Date "2010.12.04"]
[Round "5"]
[White "CapitanTrueno"]
[Black "Goli"]
[Result "1/2-1/2"]
[WhiteElo "1774"]
[BlackElo "1823"]
[Opening "King's Indian: Andersson variation"]
[ECO "E92"]
[Time "16:02:13"]
[TimeControl "2700+45"]

1. e4 g6 2. d4 Bg7 3. c4 d6 4. Nc3 Nf6 5. Nf3 O-O 6. Be2 e5 7. dxe5 dxe5 8. Qxd8
Rxd8 9. Bg5 Re8 10. Nd5 Nxd5 11. cxd5 f6 12. Be3 c6 13. dxc6 Nxc6 14. Bb5 Bd7
15. O-O-O Red8 16. Rd2 Be8 17. Rhd1 Rxd2 18. Nxd2 a6 19. Ba4 b5 20. Bb3+ Bf7 21.
Bxf7+ Kxf7 22. Nb3 Rd8 23. Rxd8 Nxd8 24. Nc5 a5 25. Bd2 b4 26. Kc2 Bf8 27. Be3
Bxc5 28. Bxc5 Nb7 29. Bb6 Ke6 30. Kb3 f5 31. exf5+ gxf5 32. Ka4 Kd5 33. Bxa5
Nxa5 34. Kxa5 Kc5 35. a4 bxa3 36. bxa3 e4 37. g3 Kc4 38. a4 Kd3 39. Kb5 Ke2 40.
a5 Kxf2 41. a6 e3 42. a7 e2 43. a8=Q e1=Q 44. Qa7+ Kg2 45. Qxh7 Qe5+ 46. Kc6
Qe6+ {Game drawn by mutual agreement} 1/2-1/2

[Event "Team 45 45 League T47"]
[Site "Internet Chess Club"]
[Date "2010.12.05"]
[Round "5"]
[White "OpenMind"]
[Black "fledermaus"]
[Result "1/2-1/2"]
[WhiteElo "1955"]
[BlackElo "1951"]
[Opening "Sicilian: closed"]
[ECO "B23"]
[Time "10:13:55"]
[TimeControl "2700+45"]

1. e4 c5 2. Nc3 e6 3. f4 d5 4. Nf3 dxe4 5. Nxe4 Nc6 6. Bb5 Bd7 7. O-O Be7 8. d3
Nh6 9. Be3 Nf5 10. Bf2 Nfd4 11. Nxd4 cxd4 12. Qg4 O-O 13. Qg3 Be8 14. Ba4 Rc8
15. Bb3 Na5 16. Rac1 Nxb3 17. cxb3 Rxc1 18. Rxc1 f5 19. Nc5 Qd5 20. Qf3 Qxf3 21.
gxf3 Bxc5 22. Rxc5 Bc6 23. Bxd4 Rd8 24. Rc4 a6 25. Kf2 {Game drawn by mutual
agreement} 1/2-1/2

[Event "Team 45 45 League T47"]
[Site "Internet Chess Club"]
[Date "2010.12.04"]
[Round "5"]
[White "jonesey"]
[Black "Kodos"]
[Result "0-1"]
[WhiteElo "1955"]
[BlackElo "1992"]
[Opening "Four knights: Spanish variation"]
[ECO "C48"]
[Time "13:02:44"]
[TimeControl "2700+45"]

1. e4 e5 2. Nf3 Nc6 3. Nc3 Nf6 4. Bb5 Bd6 5. O-O a6 6. Be2 O-O 7. d3 h6 8. Ne1
Bc5 9. Be3 Bxe3 10. fxe3 d5 11. exd5 Nxd5 12. Qd2 Be6 13. Nf3 Qd7 14. Nxd5 Bxd5
15. e4 Be6 16. Nh4 Rad8 17. Rf2 Nd4 18. Raf1 c5 19. Nf5 Bxf5 20. exf5 Nxe2+ 21.
Qxe2 f6 22. Kh1 Qf7 23. Rg1 Rfe8 24. h4 Rd4 25. g4 e4 26. dxe4 Rexe4 27. Qf3 Qe7
28. Rh2 Re3 29. Qg2 Rde4 30. g5 Re2 31. Qg3 Rxh2+ 32. Qxh2 fxg5 33. hxg5 hxg5
34. Qb8+ Kf7 35. Rg2 Rh4+ {White resigns} 0-1

[Event "Team 45 45 League T47"]
[Site "Internet Chess Club"]
[Date "2010.12.06"]
[Round "5"]
[White "porgue"]
[Black "fishhead"]
[Result "1-0"]
[WhiteElo "1715"]
[BlackElo "1782"]
[Opening "Alekhine's defense: modern, fianchetto variation"]
[ECO "B04"]
[Time "16:00:14"]
[TimeControl "2700+45"]

1. e4 Nf6 2. e5 Nd5 3. d4 d6 4. Nf3 g6 5. c4 Nb6 6. exd6 cxd6 7. h3 Bg7 8. Nc3
O-O 9. Be2 Nc6 10. O-O e5 11. d5 Ne7 12. a4 h6 13. a5 Nd7 14. Nb5 Nf6 15. Be3 a6
16. Bb6 Qd7 17. Nc7 Rb8 18. b4 Ne8 19. Nxe8 Rxe8 20. Rc1 f5 21. c5 Ra8 22. cxd6
Qxd6 23. Bc7 Qxb4 24. d6 e4 25. Bc4+ Kh7 26. Ne1 Bd7 27. dxe7 Qxe7 28. Qd6 Ba4
29. Nc2 Qxd6 30. Bxd6 Rac8 31. Ne3 Red8 32. Be7 Re8 33. Ba3 Rcd8 34. Nd5 g5 35.
Nb6 Bc6 36. Bxa6 f4 37. Bc4 Kg6 38. Rfd1 Kf5 39. g4+ fxg3 40. fxg3 Be5 41. Rf1+
Kg6 42. Bf7+ Kg7 43. Bxe8 Rxe8 44. Bc5 Bxg3 45. a6 Bb8 46. Bd4+ Kg6 47. axb7
Bxb7 48. Nd7 Bf4 49. Rb1 Bc8 50. Rb6+ Kf7 51. Ne5+ Kg8 52. Ng4 Kf8 53. Rxh6 Ke7
54. Bc5+ Kf7 55. Rf6+ Kg7 56. Bd4 Kg8 57. R6xf4 gxf4 58. Nf6+ Kf7 59. Nxe8 Kxe8
60. Rxf4 Bxh3 61. Rxe4+ Kd7 62. Re5 Kd6 63. Kf2 Be6 64. Ke3 Bd5 65. Bb2 Bc6 66.
Kd4 Bd7 67. Ba3+ Kc6 68. Rc5+ Kb6 69. Kd5 Be8 70. Kd6 Ba4 71. Bb4 Be8 72. Ba5+
Ka6 73. Kc7 Ba4 74. Bb6 Bb5 75. Rg5 {Black resigns} 1-0

[Event "Team 45 45 League T47"]
[Site "Internet Chess Club"]
[Date "2010.12.04"]
[Round "5"]
[White "j316chuck"]
[Black "trickey1872"]
[Result "0-1"]
[WhiteElo "1613"]
[BlackElo "1578"]
[Opening "Scandinavian: Icelandic gambit"]
[ECO "B01"]
[Time "20:11:12"]
[TimeControl "2700+45"]

1. e4 d5 2. exd5 Nf6 3. c4 e6 4. dxe6 Bxe6 5. Nf3 Nc6 6. Be2 Bc5 7. Nc3 O-O 8.
O-O Re8 9. d3 Bg4 10. Re1 Nd4 11. Nxd4 Bxd4 12. Bd2 Qd7 13. Bg5 Bxf2+ 14. Kxf2
Qf5+ 15. Kg1 Qxg5 16. Bxg4 Nxg4 17. Ne4 Qf4 18. g3 Qf5 19. h3 Rxe4 20. hxg4
Rxe1+ 21. Qxe1 Qxd3 22. b3 Qd4+ 23. Kg2 Qxg4 24. Qe7 Qc8 25. Rd1 Qe8 26. Qxe8+
Rxe8 27. Rd7 Rc8 28. b4 Kf8 29. a4 Ke8 30. Rd4 Rd8 31. Re4+ Kf8 32. c5 f6 33. b5
Rd2+ 34. Kf3 Rc2 35. b6 a6 36. bxc7 Rxc5 37. Rb4 Rxc7 38. a5 Re7 39. Rb6 Kf7 40.
Kf4 g6 41. g4 g5+ 42. Kf3 Kg6 43. Kf2 Re5 44. Rxb7 Rxa5 45. Rb6 Ra4 46. Kf3 a5
47. Ra6 Ra3+ 48. Kg2 a4 49. Kf2 Ra1 50. Ke3 a3 51. Kd3 a2 52. Kc2 Rg1 {White
resigns} 0-1

[Event "Team 45 45 League T47"]
[Site "Internet Chess Club"]
[Date "2010.12.03"]
[Round "5"]
[White "Oscar"]
[Black "kid6988"]
[Result "1-0"]
[WhiteElo "1503"]
[BlackElo "1441"]
[Opening "King's knight's gambit"]
[ECO "C34"]
[Time "23:31:00"]
[TimeControl "2700+45"]

1. e4 e5 2. f4 exf4 3. Nf3 Nc6 4. d4 Qf6 5. Nc3 d6 6. Nd5 Qd8 7. Bxf4 Bg4 8. Bc4
Nf6 9. O-O Nxe4 10. Re1 f5 11. Nc3 Qe7 12. Qd3 O-O-O 13. Bg5 Nb4 14. Qd1 Bxf3
15. Bxe7 Bxd1 16. Raxd1 Bxe7 17. Be6+ Kb8 18. Bxf5 d5 19. Re2 Bf6 20. a3 Nxc3
21. bxc3 Nc6 22. Rb1 Ka8 23. Rbe1 g6 24. Bd3 Rhf8 25. g3 Bg7 26. Bb5 a6 27. Bxc6
bxc6 28. Re7 Bf6 29. Rxc7 Rc8 30. Rd7 Rfd8 31. Rf7 Bg5 32. h4 Bd2 33. Ree7 Be3+
34. Kg2 Bxd4 35. cxd4 Kb8 36. Rb7+ Ka8 37. Ra7+ Kb8 38. Rfb7# {Black checkmated}
1-0

[Event "Team 45 45 League T47"]
[Site "Internet Chess Club"]
[Date "2010.12.05"]
[Round "5"]
[White "rl154"]
[Black "Skylab"]
[Result "0-1"]
[WhiteElo "1234"]
[BlackElo "1301"]
[Opening "Petrov: French attack"]
[ECO "C42"]
[Time "16:31:05"]
[TimeControl "2700+45"]

1. e4 e5 2. Nf3 Nf6 3. Nxe5 d6 4. Nf3 Nxe4 5. d3 Nf6 6. Bg5 Be7 7. Nc3 O-O 8.
Be2 Nbd7 9. O-O Ne8 10. Qd2 Bxg5 11. Nxg5 h6 12. Nf3 Nef6 13. Nd4 Ne5 14. Ne4
Nxe4 15. dxe4 Qg5 16. Qxg5 hxg5 17. Nf3 Bg4 18. Nxe5 Bxe2 19. Rfe1 dxe5 20. Rxe2
Rad8 21. Ree1 Rd6 22. Rad1 Rfd8 23. Rxd6 Rxd6 24. c4 Rd2 25. b3 Rxa2 26. g3 Rb2
27. Re3 Kf8 28. f4 gxf4 29. gxf4 exf4 30. Rf3 g5 31. Rd3 Ke7 32. Rd5 f6 33. Rd3
b6 34. Rc3 c5 35. Rh3 Ke6 36. Rh7 a6 37. Rb7 Rxb3 38. Rb8 Ke7 39. Rb7+ Ke6 40.
Rb8 b5 41. Rb6+ Ke7 42. Rxa6 bxc4 43. Ra7+ Ke6 44. Ra6+ Ke5 45. Ra7 c3 46. Re7+
Kd6 47. Re8 c2 48. Rd8+ Ke7 49. Kg2 c1=Q 50. Ra8 Qc2+ 51. Kf1 Rb1# {White
checkmated} 0-1

[Event "Team 45 45 League T47"]
[Site "Internet Chess Club"]
[Date "2010.12.03"]
[Round "5"]
[White "Tyndale"]
[Black "kingsleywang"]
[Result "1-0"]
[WhiteElo "1204"]
[BlackElo "1204"]
[Opening "Ruy Lopez: four knights (Tarrasch) variation"]
[ECO "C77"]
[Time "21:00:12"]
[TimeControl "2700+45"]

1. e4 e5 2. Nf3 Nc6 3. Bb5 a6 4. Ba4 Nf6 5. Nc3 Bc5 6. O-O d6 7. h3 b5 8. Bb3
Ne7 9. Ng5 Be6 10. Bxe6 fxe6 11. Nxe6 Qd7 12. Nxc5 dxc5 13. d3 b4 14. Ne2 O-O-O
15. Be3 Qc6 16. Ng3 Rhf8 17. Qf3 Ng6 18. Bg5 Rd6 19. Bxf6 Rfxf6 20. Qg4+ Rd7 21.
Nh5 Rf7 22. a3 Kd8 23. Qg5+ Ke8 24. f3 Qa4 25. Qd2 Rd4 26. axb4 cxb4 27. Rxa4
{Black resigns} 1-0

[Event "Team 45 45 League T47"]
[Site "Internet Chess Club"]
[Date "2010.12.05"]
[Round "5"]
[White "GadsHill"]
[Black "tryanything"]
[Result "0-1"]
[WhiteElo "1500"]
[BlackElo "1601"]
[Opening "Budapest: Fajarowicz variation"]
[ECO "A51"]
[Time "18:00:51"]
[TimeControl "2700+45"]

1. d4 Nf6 2. c4 e5 3. dxe5 Ne4 4. Nf3 d6 5. e3 Nc6 6. Be2 Bf5 7. O-O Qe7 8. exd6
Qxd6 9. Nd4 Bg6 10. f3 Nf6 11. Nxc6 Qxc6 12. Nc3 Bd6 13. e4 Rd8 14. Qb3 O-O 15.
Bg5 Qc5+ {White resigns} 0-1

[Event "Team 45 45 League T47"]
[Site "Internet Chess Club"]
[Date "2010.12.02"]
[Round "5"]
[White "smsxman"]
[Black "sdcohle"]
[Result "1-0"]
[WhiteElo "1376"]
[BlackElo "1442"]
[Opening "French: advance, Nimzovich system"]
[ECO "C02"]
[Time "22:30:16"]
[TimeControl "2700+45"]

1. e4 e6 2. d4 d5 3. e5 c5 4. Nf3 Qb6 5. c3 Nc6 6. a4 a5 7. Bb5 Ne7 8. O-O Bd7
9. Be3 cxd4 10. Nxd4 g6 11. Nxc6 Qc7 12. Nxe7 Bxb5 13. Nxd5 exd5 14. axb5 Bg7
15. f4 O-O 16. Qxd5 Rad8 17. Qc5 Qb8 18. Rxa5 Rc8 19. Qd6 Rfd8 20. Qxb8 Rxb8 21.
Bd4 Bf8 22. Na3 Rd5 23. Nc4 Bc5 24. Bxc5 Rxc5 25. Nd6 b6 26. Ra7 Rf8 27. c4 f6
28. b4 Rcc8 29. Nxc8 Rxc8 30. Rd1 fxe5 31. fxe5 Kf8 32. c5 bxc5 33. bxc5 Kg8 34.
c6 h5 35. Rdd7 Kh8 36. e6 Kg8 37. Rg7+ Kf8 38. Raf7+ Ke8 39. Rh7 Rd8 40. Rh8#
{Black checkmated} 1-0

[Event "Team 45 45 League T47"]
[Site "Internet Chess Club"]
[Date "2010.12.07"]
[Round "5"]
[White "MateIn42"]
[Black "ars-felidae"]
[Result "0-1"]
[WhiteElo "1410"]
[BlackElo "1461"]
[Opening "Sicilian defense"]
[ECO "B30"]
[Time "09:04:36"]
[TimeControl "2700+45"]

1. e4 c5 2. Nf3 Nc6 3. c3 d5 4. Bb5 dxe4 5. Ne5 Bd7 6. Nxd7 Qxd7 7. O-O Nf6 8.
d3 exd3 9. Bxc6 bxc6 10. Be3 e6 11. Nd2 Be7 12. Nc4 Qd5 13. b3 O-O 14. Re1 Ne4
15. Bd2 Bh4 16. g3 Bf6 17. Ne3 Qg5 18. Nc4 Nxd2 19. Nxd2 Bxc3 20. Ne4 Qe5 21.
Nxc3 Qxc3 22. Rc1 Qd4 23. Rc4 Qd5 24. Qd2 Rfd8 25. Rec1 Qf3 26. Rxc5 Qe2 27.
Qxe2 dxe2 28. R5c2 Rd1+ {White resigns} 0-1

[Event "Team 45 45 League T47"]
[Site "Internet Chess Club"]
[Date "2010.12.05"]
[Round "5"]
[White "DrOMM"]
[Black "hcarstens"]
[Result "1-0"]
[WhiteElo "1384"]
[BlackElo "1270"]
[Opening "Queen's pawn: stonewall attack"]
[ECO "D00"]
[Time "15:00:26"]
[TimeControl "2700+45"]

1. d4 d5 2. e3 Nf6 3. Bd3 b6 4. c3 Ba6 5. Bxa6 Nxa6 6. f4 Ne4 7. Nd2 Nf6 8. Qe2
Nb8 9. Ngf3 Nbd7 10. O-O e6 11. Ne5 Nxe5 12. fxe5 Nd7 13. Nf3 f6 14. e4 fxe5 15.
exd5 Bd6 16. Ng5 Nf6 17. dxe5 Bc5+ 18. Kh1 Nxd5 19. Nf7 Qe7 20. Nxh8 O-O-O 21.
Nf7 Re8 22. Ng5 h6 23. Ne4 Kb7 24. b4 Nxb4 25. cxb4 Bxb4 26. Bd2 Ba3 27. Nc3 Bb2
28. Rab1 Bxc3 29. Bxc3 g5 30. Qf3+ Ka6 31. a4 Qc5 32. a5 b5 33. Bb4 Qc4 34. Rfc1
g4 35. Qc6+ Qxc6 36. Rxc6+ Kb7 37. Rbc1 Rc8 38. Rxe6 h5 39. Rh6 {Black resigns}
1-0

[Event "Team 45 45 League T47"]
[Site "Internet Chess Club"]
[Date "2010.12.05"]
[Round "5"]
[White "SCUGrad"]
[Black "BotanicalKnight"]
[Result "1/2-1/2"]
[WhiteElo "1492"]
[BlackElo "1580"]
[Opening "Caro-Kann: exchange variation"]
[ECO "B13"]
[Time "08:01:47"]
[TimeControl "2700+45"]

1. e4 c6 2. d4 d5 3. exd5 Qxd5 4. Nc3 Qd8 5. Bc4 Nf6 6. Nf3 Bg4 7. Bxf7+ Kxf7 8.
Ne5+ Kg8 9. Nxg4 Nbd7 10. O-O Nxg4 11. Qxg4 h6 12. Qe6+ Kh7 13. Bf4 g5 14. Bg3
Bg7 15. Qf5+ {Game drawn by mutual agreement} 1/2-1/2

[Event "Team 45 45 League T47"]
[Site "Internet Chess Club"]
[Date "2010.12.03"]
[Round "5"]
[White "JohLeb"]
[Black "AlPearson"]
[Result "0-1"]
[WhiteElo "1312"]
[BlackElo "1374"]
[Opening "King's Indian: 4.e4"]
[ECO "E70"]
[Time "13:28:11"]
[TimeControl "2700+45"]

1. d4 Nf6 2. c4 g6 3. Nc3 Bg7 4. e4 d6 5. Bd3 Nc6 6. Nge2 e5 7. d5 Ne7 8. O-O
O-O 9. f4 Nh5 10. fxe5 dxe5 11. Qe1 f5 12. Ng3 f4 13. Nxh5 gxh5 14. Rf3 Bg4 15.
Rf1 Ng6 16. Be2 Qd7 17. Bxg4 Qxg4 18. h3 Qh4 19. Bd2 Kh8 20. Kh2 Bf6 21. Nb5
Qxe1 22. Bxe1 Rf7 23. Rd1 a6 24. Nc3 Rg8 25. b4 Rfg7 26. Rg1 Bh4 27. g3 fxg3+
28. Bxg3 Bxg3+ 29. Rxg3 h4 30. Rg4 Nf4 31. Rxg7 Rxg7 32. Rg1 Rxg1 33. Kxg1 Nxh3+
34. Kg2 Nf4+ 35. Kh2 Kg7 36. Nd1 Kg6 37. Ne3 Kg5 38. a4 Nd3 39. b5 Kf4 40. Nf5
Kxe4 41. bxa6 bxa6 42. d6 cxd6 43. Nxd6+ Kf3 44. Kh3 e4 45. Nf5 e3 46. Nd4+ Kf2
47. Kxh4 e2 48. Nxe2 Kxe2 {White resigns} 0-1

[Event "Team 45 45 League T47"]
[Site "Internet Chess Club"]
[Date "2010.12.02"]
[Round "5"]
[White "TheronUAL"]
[Black "Burbia"]
[Result "0-1"]
[WhiteElo "1440"]
[BlackElo "1362"]
[Opening "French: advance, Paulsen attack"]
[ECO "C02"]
[Time "17:00:06"]
[TimeControl "2700+45"]

1. e4 e6 2. d4 d5 3. e5 c5 4. c3 Nc6 5. Nf3 Qb6 6. Qc2 cxd4 7. Nxd4 Nxe5 8. Bb5+
Bd7 9. Bxd7+ Nxd7 10. O-O Bc5 11. Be3 Ngf6 12. Nd2 Ng4 13. N2b3 Qc7 14. g3 Nxe3
15. fxe3 Bxd4 16. exd4 O-O 17. Nd2 Nf6 18. Nf3 h6 19. Nd2 Ng4 20. Rf3 e5 21. Qf5
e4 22. Nxe4 dxe4 23. Qxe4 Nf6 24. Qd3 Rfe8 25. Raf1 Re7 26. c4 Rae8 27. b3 Re4
28. d5 Qe5 29. Qd1 Re1 30. Rxe1 Qxe1+ 31. Qxe1 Rxe1+ 32. Kf2 Ra1 33. a4 Ra2+ 34.
Kg1 Kf8 35. h3 Ne4 36. Re3 Nc5 37. d6 Rd2 38. b4 Ne6 39. c5 Rd4 40. Rb3 b6 41.
Rb1 g6 42. cxb6 axb6 43. a5 bxa5 44. bxa5 Rxd6 45. Rb8+ Kg7 46. Rb1 Ra6 47. Ra1
Nd4 48. Ra2 f5 {White resigns} 0-1

[Event "Team 45 45 League T47"]
[Site "Internet Chess Club"]
[Date "2010.12.04"]
[Round "5"]
[White "Aquaman"]
[Black "AtomicDog"]
[Result "0-1"]
[WhiteElo "1305"]
[BlackElo "1594"]
[Opening "Réti opening"]
[ECO "A05"]
[Time "15:00:24"]
[TimeControl "2700+45"]

1. Nf3 Nf6 2. g3 d5 3. Bg2 g6 4. O-O Bg7 5. d3 O-O 6. Nbd2 Nc6 7. Re1 e5 8. e4
dxe4 9. dxe4 b6 10. c3 Bb7 11. Qc2 Qd7 12. Nc4 Ne8 13. h4 Nd6 14. Rd1 Qe6 15.
Nxd6 cxd6 16. Ng5 Qe7 17. Nf3 Rac8 18. Qe2 h6 19. Be3 Qc7 20. Nh2 Kh7 21. Qd2
Rfd8 22. Ng4 h5 23. Nh2 Na5 24. Qe1 Nc6 25. b3 Ne7 26. c4 Qc6 27. Nf3 f6 28.
Rac1 Bh6 29. Bxh6 Kxh6 30. Nd2 Nf5 31. Bh3 Rc7 32. Bxf5 gxf5 33. Qe3+ Kh7 34.
Re1 Rg8 35. Kh2 Rcg7 36. Qf3 Kh6 37. Qxf5 Rg6 38. Qf3 Rh8 39. Rg1 Bc8 40. Qe3+
Kg7 41. Nb1 Qd7 42. g4 hxg4 43. Qg3 Rh5 44. Rc3 f5 {White forfeits on time} 0-1